Description

This build aims to harass terran cc with zealot while expanding at the same time following by adept/stalker push

Replay - Oxide LE

Build Order

Get SALT Encoding   

  14  0:18   Pylon  
  16  0:38  Gateway  
  16  0:43  Assimilator (Chrono Boost)  chrono right after you build first gas
  18  1:15  Nexus  
  18  1:25  Cybernetics Core  
  20  1:31  Zealot (Chrono Boost)  
  21  1:41  Pylon  
  22  1:49  Assimilator  
  25  2:01  Stalker (Chrono Boost)  you could open adept or stalker first
  29  2:23  Stalker (Chrono Boost)  
  32  2:43  Twilight Council  you could make tech building of your choice
Spawning Tool Build Advisor. Get it on Overwolf

Go to:

Details

  • Created by: Inojinplay
  • Published on: Feb 21, 2021
  • Modified on: Feb 21, 2021
  • Patch: 4.11.0
  • Difficulty: Easy
Show
View Real Time Build Order
Export as new Build Order

Comments (0)

There are no comments. Be the first!

Create an account to comment!